 Dungeon Sprint DCSS version 0.27.0-1-g7a089689b8 (webtiles) character file.

Game seed: 8248923327814774359

1188 boopmooplesden the Cruncher (level 8, -6/74 HPs)
             Began as a Minotaur Gladiator on Aug 8, 2021.
             Was an Initiate of Trog.
             Mangled by a deep troll (14 damage)
             ... in the Dungeon (Sprint I: "Red Sonja").
             The game lasted 00:02:17 (750 turns).

boopmooplesden the Cruncher (Minotaur Gladiator)     Turns: 750, Time: 00:02:17

Health: -6/74      AC:  3    Str: 21    XL:     8   Next: 19%
Magic:  7/7        EV: 16    Int:  5    God:    Trog [......]
Gold:   405        SH:  0    Dex: 12    Spells: 7/7 levels left

rFire    . . .     SeeInvis .   a - +0 quarterstaff
rCold    . . .     Faith    .   (shield currently unavailable)
rNeg     . . .     Spirit   .   b - +0 leather armour
rPois    .         Reflect  .   c - +0 hat
rElec    .         Harm     .   (no cloak)
rCorr    .         Rampage  .   (no gloves)
Will     .....     NoTele   +   (no boots)
Stlth    ++........             (no amulet)
HPRegen  0.22/turn              (no ring)
MPRegen  0.10/turn              (no ring)

@: no status effects
A: horns 2, retaliatory headbutt
a: Renounce Religion


You were in the Dungeon.
You worshipped Trog.
Trog was noncommittal.
You visited 1 branch You collected 405 gold pieces.

Inventory:

Hand Weapons
 a - a +0 quarterstaff (weapon)
Missiles
 d - 3 curare-tipped darts (quivered)
Armour
 b - a +0 leather armour (worn)
 c - a +0 hat (worn)
Scrolls
 j - a scroll of blinking
Potions
 e - a potion of curing
 f - a potion of heal wounds
 g - a potion of haste
 h - 2 potions of magic


   Skills:
 + Level 8.2 Fighting
 + Level 13.6 Staves
 + Level 6.6 Throwing
 + Level 4.1 Armour
 + Level 10.8 Dodging
 + Level 2.7 Stealth


You had 7 spell levels left.
You didn't know any spells.
Your spell library was empty.

Dungeon Overview and Level Annotations

Branches:
Dungeon (1/1)

Altars:
Cheibriados
Dithmenos
Elyvilon
Fedhas
Gozag
Hepliaklqana
Kikubaaqudgha
Makhleb
Nemelex Xobeh
Okawaru
Qazlal
Ru
Sif Muna
Trog
Uskayaw
Vehumet
Wu Jian
Xom
Yredelemnul
Zin
The Shining One
Jiyva
Lugonu

Shops:
D *


Innate Abilities, Weirdness & Mutations

You have a pair of horns on your head.
You reflexively headbutt those who attack you in melee.


Message History

d - 3 curare-tipped darts You start resting.
You feel yourself speed up.
You start resting.
You recover from your berserk rage.
You start resting.
HP restored.
You open the door. You open the door.
A deep troll comes into view.
Found 108 gold pieces.
The deep troll shouts!
There is an open door here.
Okay, then.
The deep troll bites you! The deep troll misses you. The deep troll claws you!
You see here 27 gold pieces.
You barely miss the deep troll. The deep troll barely misses you.
You furiously retaliate!
You headbutt the deep troll. The deep troll claws you! x2
You hit the deep troll.
The deep troll is lightly wounded.
You hit the deep troll. Your headbutt misses the deep troll.
The deep troll is lightly wounded.
The deep troll closely misses you. You furiously retaliate!
You headbutt the deep troll, but do no damage.
The deep troll claws you! x2
* * * LOW HITPOINT WARNING * * *
You barely miss the deep troll.
The deep troll is lightly wounded.
You sock the deep troll!
The deep troll is moderately wounded.
The deep troll bites you.
* * * LOW HITPOINT WARNING * * *
The deep troll claws you.
* * * LOW HITPOINT WARNING * * *
The deep troll claws you.
* * * LOW HITPOINT WARNING * * *
You sock the deep troll!
The deep troll is heavily wounded.
The deep troll closely misses you. x2; The deep troll claws you!
You die...

#..#####'#####'#__#
#..####..#...#[####§§#
#..#__####..##(#≈≈≈§c#
#..#_____##'#_.+≈§≈§
#⌠⌠#_.∩..†'..._#§≈≈§c#
####_..__##_.#'# +####
#_____###'#[#
#########)####+###
......'...'@T.$$+
+++####...#######
##.## #+#


You could see a deep troll.

Vanquished Creatures
  Sonja (D)
  A slime creature (D)
  Sigmund (D)
  A yak (D)
  An ogre (D)
  A jelly (D)
  Ijyb (D)
7 creatures vanquished.

Vanquished Creatures (others)
  A gargoyle (D)
1 creature vanquished.

Grand Total: 8 creatures vanquished

Notes
Turn   | Place    | Note
-------+----------+-------------------------------------------
     0 | D        | boopmooplesden the Minotaur Gladiator began the quest for
                  | the Orb.
     0 | D        | Reached XP level 1. HP: 18/18 MP: 0/0
     1 | D        | Noticed Ijyb
    14 | D        | Killed Ijyb
    15 | D        | Reached skill level 5 in Staves
    15 | D        | Reached skill level 5 in Dodging
    15 | D        | Reached XP level 2. HP: 12/26 MP: 1/1
   176 | D        | Killed a gargoyle
   186 | D        | Noticed an ogre
   192 | D        | Killed an ogre
   193 | D        | Reached skill level 7 in Staves
   193 | D        | Reached XP level 3. HP: 33/33 MP: 2/2
   193 | D        | Reached XP level 4. HP: 40/40 MP: 3/3
   196 | D        | Noticed Sigmund
   211 | D        | Killed Sigmund
   212 | D        | Reached skill level 5 in Fighting
   212 | D        | Reached skill level 9 in Staves
   212 | D        | Reached skill level 1 in Armour
   212 | D        | Reached XP level 5. HP: 28/49 MP: 4/4
   361 | D        | Found a burning altar of Makhleb.
   361 | D        | Found a viscous altar of Jiyva.
   361 | D        | Found a shimmering altar of Xom.
   361 | D        | Found a corrupted altar of Lugonu.
   361 | D        | Noticed a slime creature
   370 | D        | Killed a slime creature
   371 | D        | Reached skill level 11 in Staves
   371 | D        | Reached skill level 5 in Throwing
   371 | D        | Reached skill level 1 in Stealth
   371 | D        | Reached XP level 6. HP: 58/58 MP: 5/5
   373 | D        | Found an ornate altar of the Wu Jian Council.
   373 | D        | Found a shimmering blue altar of Sif Muna.
   375 | D        | Found a radiant altar of Vehumet.
   381 | D        | Noticed a centaur warrior
   381 | D        | Noticed a centaur warrior
   406 | D        | Found Puadee's Assorted Antiques.
   406 | D        | Found an ancient bone altar of Kikubaaqudgha.
   406 | D        | Found a hazy altar of Hepliaklqana.
   406 | D        | Found a stormy altar of Qazlal.
   406 | D        | Found a hide-covered altar of Uskayaw.
   406 | D        | Found a blossoming altar of Fedhas.
   406 | D        | Found a bloodstained altar of Trog.
   406 | D        | Found an iron altar of Okawaru.
   406 | D        | Found a basalt altar of Yredelemnul.
   406 | D        | Found a glowing golden altar of the Shining One.
   406 | D        | Found a snail-covered altar of Cheibriados.
   406 | D        | Found a sacrificial altar of Ru.
   406 | D        | Found a glowing silver altar of Zin.
   406 | D        | Found a shadowy altar of Dithmenos.
   406 | D        | Found a white marble altar of Elyvilon.
   406 | D        | Noticed a yak
   407 | D        | Found an opulent altar of Gozag.
   418 | D        | Killed a yak
   419 | D        | Reached skill level 12 in Staves
   419 | D        | Reached skill level 10 in Dodging
   419 | D        | Reached XP level 7. HP: 52/66 MP: 6/6
   419 | D        | Found a sparkling altar of Nemelex Xobeh.
   425 | D        | Became a worshipper of Trog the Wrathful
   482 | D        | Noticed Sonja
   490 | D        | Killed Sonja
   491 | D        | Reached skill level 13 in Staves
   491 | D        | Reached XP level 8. HP: 26/74 MP: 7/7
   742 | D        | Noticed a deep troll
   750 | D        | Mangled by a deep troll

Illustrated notes

Levels and vault maps discovered:
D:        dungeon_sprint_1 [red_sonja_temple_1, red_sonja_temple_small_1]

Skill      XL: |  1  2  3  4  5  6  7 |
---------------+----------------------+-----
Fighting       | 3 4 5 6 7 8 |  8.2
Staves         | 5 7 9 11 12 13 | 13.6
Dodging        | 5 6 8 9 10 | 10.8
Throwing       | 3 4 5 6 |  6.6
Armour         | 1 2 4 |  4.1
Stealth        | 1 2 |  2.7

Action                   |  1- 3 |  4- 6 |  7- 9 || total
-------------------------+-------+-------+-------++-------
Melee: Quarterstaff      |    14 |    25 |    12 ||    51
       Headbutt          |     4 |     7 |       ||    11
Throw: Throwing net      |     3 |     2 |       ||     5
  Use: Potion            |       |       |     1 ||     1
 Stab: Held in net/web   |       |     1 |       ||     1
       Sleeping          |       |     1 |       ||     1
Armor: Leather armour    |       |     2 |       ||     2
Dodge: Dodged            |     5 |     4 |     7 ||    16
